 Dungeon Crawl Stone Soup version 0.30.1-9-gdf580d7c3d (webtiles) character file.

Game seed: 2609862272609526279

75 ChiefBigBeans the Chiller (level 4, -3/33 HPs)
             Began as a Draconian Ice Elementalist on Sept 26, 2023.
             Slain by a gnoll
             ... wielding a +0 spear
              (7 damage)
             ... on level 3 of the Dungeon.
             The game lasted 00:03:34 (2830 turns).

ChiefBigBeans the Chiller (DrIE)                    Turns: 2830, Time: 00:03:34

Health: -3/33      AC:  6    Str: 11    XL:     4   Next: 11%
Magic:  0/8        EV: 12    Int: 17    God:
Gold:   117        SH:  0    Dex: 11    Spells: 8/9 levels left

rFire   . . .        i - +2 dagger (speed)
rCold   . . .        (no shield)
rNeg    . . .        (body armour unavailable)
rPois   .            m - +0 hat
rElec   .            (no cloak)
rCorr   .            g - +0 pair of gloves
SInv    .            (no boots)
Will    .....        (no amulet)
Stlth   ++           (no ring)
HPRegen 0.25/turn    (no ring)
MPRegen 0.11/turn

%: no passive effects
@: no status effects
A: AC +5, unfitting armour, cold-blooded
a: no special abilities


You were on level 3 of the Dungeon.
You visited 1 branch of the dungeon, and saw 3 of its levels.

You collected 117 gold pieces.

Inventory:

Hand Weapons
 c - a +0 spear
 i - a +2 dagger of speed (weapon)
Armour
 g - a +0 pair of gloves (worn)
 m - a +0 hat (worn)
Jewellery
 b - a +6 ring of strength
 h - a ring of protection from fire
Wands
 f - a wand of polymorph (6)
 o - a wand of mindburst (6)
Scrolls
 e - a scroll of blinking
Potions
 a - a potion of magic
 d - a potion of might
 j - a potion of lignification {unknown}
 k - a potion of ambrosia
 l - 3 potions of haste
 n - 2 potions of heal wounds


   Skills:
 - Level 1.7 Dodging
 - Level 1.7 Stealth
 + Level 3.2 Spellcasting
 + Level 4.9 Ice Magic


You had 8 spell levels left.
You knew the following spells:

 Your Spells              Type           Power      Damage    Failure   Level
a - Freeze                Ice            76%        1d8       2%          1

Your spell library contained the following spells:

 Spells                   Type           Power      Damage    Failure   Level
 Frozen Ramparts          Ice            38%        1d6       7%          3
 Ozocubu's Armour         Ice            19%        N/A       7%          3
 Summon Ice Beast         Ice/Summ       11%        N/A       52%         4


Dungeon Overview and Level Annotations

Branches:
Dungeon (3/15)

Altars:
Xom

Shops:
D:1 *   D:2 :


Innate Abilities, Weirdness & Mutations

Your plain brown scales are hard. (AC +5)
You cannot fit into any form of body armour.
You are cold-blooded and may be slowed by cold attacks.


Message History

You hit the gnoll.
The gnoll is heavily wounded.
The gnoll hits you but does no damage. The gnoll closely misses you.
You hit the gnoll but do no damage.
The gnoll is heavily wounded.
You hit the gnoll.
The gnoll is heavily wounded.
The gnoll hits you with a +1 antimagic flail!
You feel your power leaking away. The gnoll closely misses you.
You hit the gnoll. You tail-slap the gnoll.
The gnoll is almost dead.
The gnoll hits you from afar with a +0 spear.
The gnoll hits you with a +1 antimagic flail.
You are too injured to fight recklessly!
You are too injured to fight recklessly!
You are too injured to fight recklessly!
You closely miss the gnoll.
The gnoll is almost dead.
You hit the gnoll but do no damage.
The gnoll is almost dead.
The gnoll hits you from afar with a +0 spear.
The gnoll hits you with a +1 antimagic flail!
* * * LOW HITPOINT WARNING * * *
You hit the gnoll but do no damage.
Your tail-slap misses the gnoll.
You punch the gnoll.
You kill the gnoll!
The gnoll hits you but does no damage.
You have reached level 4!
You feel stronger. The gnoll hits you with a +0 spear.
* * * LOW HITPOINT WARNING * * *
You hit the gnoll but do no damage. You hit the gnoll.
The gnoll is heavily wounded.
The gnoll hits you but does no damage.
You barely miss the gnoll.
The gnoll is heavily wounded.
The gnoll hits you with a +0 spear!
You die...

#######....#......# ..
#....#.###### #....
#....#.# ..... #....#.#
......#....#.# ####
......##+#.#.#.#.)
##.....#.#.#.#.#)#######
.....#.#.#.#.#.#g)......
####.#.....#.#.#@.######
#.###.###.#....# #
#.###.# #.#.).## #
#.#.>.# #.#...#
####.#.### #.#...#
.....).# #.#...#
.###.### #.#...#
.###.#######.#...#
.............#...#


You could see a gnoll.

Vanquished Creatures
  An adder (D:3)
  3 gnolls (D:3)
  2 dart slugs
  An orc (D:3)
  7 endoplasms
  2 giant cockroaches
  2 goblins (D:1)
  3 hobgoblins
  3 kobolds
  2 quokkas
  A bat (D:1)
  3 frilled lizards
  A rat (D:2)
31 creatures vanquished.

Notes
Turn   | Place    | Note
-------+----------+-------------------------------------------
     0 | D:1      | ChiefBigBeans the Draconian Ice Elementalist began the
                  | quest for the Orb.
     0 | D:1      | Reached XP level 1. HP: 14/14 MP: 3/3
   559 | D:1      | Found Aril Rul's Assorted Antiques.
   745 | D:1      | Reached XP level 2. HP: 16/20 MP: 3/5
  1403 | D:2      | Found Haug's Book Boutique.
  2119 | D:3      | Found a shimmering altar of Xom.
  2122 | D:3      | Reached XP level 3. HP: 26/26 MP: 7/7
  2825 | D:3      | Reached XP level 4. HP: 4/33 MP: 0/8
  2830 | D:3      | Slain by a gnoll

Illustrated notes

Levels and vault maps discovered:
D:1:      wander_arrival_chamber, layout_loops_cross, serial_co_window_serial,
          co_window_corner_a, co_window_paths_b, co_window_of_opportunity_a,
          co_window_paths_a, co_window_corner_a, co_window_broadway_c,
          co_window_cross_3, co_window_corner_cb, co_window_corner_cb,
          co_window_corner_b, co_window_2corner, serial_shops,
          nicolae_shop_tiny_glass
D:2:      layout_basic, serial_shops, shop, hex_intersection,
          grunt_ministairs_13
D:3:      layout_basic, dk_xom_monty_hall, mainiacjoe_overflow_six_doors_small,
          dreamdust_princess_bridge, minmay_misc_feat_enclosed

Skill      XL: |  1  2  3 |
---------------+----------+-----
Spellcasting   | 3 |  3.2
Dodging        | |  1.7
Stealth        | |  1.7
Ice Magic      | |  4.9

Action                     |  1- 3 |  4- 6 || total
---------------------------+-------+-------++-------
  Melee: Dagger            |    19 |     3 ||    22
         Spear             |     2 |       ||     2
         Tailslap          |     3 |       ||     3
         Unarmed           |     1 |       ||     1
         Punch             |     1 |       ||     1
   Cast: Freeze            |    45 |       ||    45
    Use: Scroll            |     8 |       ||     8
         Potion            |     3 |       ||     3
   Stab: Sleeping          |     3 |       ||     3
 Armour: Skin              |    12 |     1 ||    13
  Dodge: Dodged            |    22 |       ||    22
